 Dungeon Crawl Stone Soup version 0.21.0-37-g46506fa (webtiles) character file.

25 tidbits the Digger (level 3, 25/25 HPs)
             Began as a Gnoll Earth Elementalist on Feb 1, 2018.
             Quit the game in the Ecumenical Temple.
             The game lasted 00:03:31 (364 turns).

tidbits the Digger (Gnoll Earth Elementalist)        Turns: 364, Time: 00:03:32

Health: 25/25      AC:  3    Str: 10    XL:     3   Next: 6%
Magic:  9/9        EV: 14    Int: 18    God:
Gold:   43         SH:  0    Dex: 15    Spells: 5/11 levels left

rFire    . . .     SeeInvis .   f - +1 long sword (flame)
rCold    . . .     Gourm    .   (no shield)
rNeg     . . .     Faith    .   c - +0 robe
rPois    .         Spirit   .   (no helmet)
rElec    .         Reflect  .   (no cloak)
rCorr    .         Harm     .   (no gloves)
MR       .....                  F - +0 pair of boots
Stlth    +++.......             a - amulet of rage
HPRegen  0.08/turn              (no ring)
MPRegen  0.11/turn              (no ring)

@: no status effects
A: distributed training, fangs 1, strong nose
a: Evoke Berserk Rage


You were in the Ecumenical Temple.
You were not hungry.

You visited 2 branches of the dungeon, and saw 6 of its levels.

You collected 43 gold pieces.

Inventory:

Hand Weapons
 f - a +1 long sword of flaming (weapon)
   (You found it on level 2 of the Dungeon)
Missiles
 b - 35 stones (quivered)
Armour
 c - a +0 robe (worn)
 F - a +0 pair of boots (worn)
Jewellery
 a - an amulet of rage (around neck)
   (You found it on level 2 of the Dungeon)
Scrolls
 g - a scroll of blinking {unknown}
 i - a scroll of identify {unknown}
Potions
 h - a potion of curing {unknown}
Books
 e - a book of Geomancy

   Spells                             Type                      Level
   a - Sandblast                      Earth                        1
   b - Passwall                       Transmutation/Earth          2
   c - Stone Arrow                    Conjuration/Earth            3
   d - Petrify                        Transmutation/Earth          4
   e - Lee's Rapid Deconstruction     Earth                        5
Comestibles
 d - a ration


   Skills:
 + Level 0.5 Fighting
 + Level 0.5 Short Blades
 + Level 0.5 Long Blades
 + Level 0.5 Axes
 + Level 0.5 Maces & Flails
 + Level 0.5 Polearms
 + Level 0.5 Staves
 + Level 0.5 Slings
 + Level 0.5 Bows
 + Level 0.5 Crossbows
 + Level 0.5 Throwing
 + Level 0.5 Armour
 + Level 4.5 Dodging
 + Level 4.1 Stealth
 + Level 0.5 Shields
 + Level 0.5 Unarmed Combat
 + Level 4.9 Spellcasting
 + Level 0.4 Conjurations
 + Level 0.4 Hexes
 + Level 0.4 Charms
 + Level 0.4 Summonings
 + Level 0.4 Necromancy
 + Level 0.4 Translocations
 + Level 2.0 Transmutations
 + Level 0.4 Fire Magic
 + Level 0.4 Ice Magic
 + Level 0.4 Air Magic
 + Level 5.4 Earth Magic
 + Level 0.4 Poison Magic
 + Level 0.7 Invocations
 + Level 0.5 Evocations


You had 5 spell levels left.
You knew the following spells:

 Your Spells              Type           Power        Failure   Level  Hunger
a - Sandblast             Erth           ###...       1%          1    None
j - Stone Arrow           Conj/Erth      ##....       12%         3    ###....
p - Passwall              Tmut/Erth      ###.......   4%          2    #......


Dungeon Overview and Level Annotations

Branches:
Dungeon (5/15)             Temple (1/1) D:4

Altars:
Fedhas
Gozag
Hepliaklqana
Kikubaaqudgha
Okawaru
Qazlal
Ru
Sif Muna
Trog
Vehumet
Wu Jian
Xom
Zin


Innate Abilities, Weirdness & Mutations

Your experience applies equally to all skills.
You have very sharp teeth.
Your uncanny sense of smell can sniff out nearby items.


Message History

The hobgoblin is severely wounded.
The hobgoblin barely misses you.
You riposte.
You hit the hobgoblin. You burn the hobgoblin.
You kill the hobgoblin!
Unknown command.
You hit the bat. You burn the bat.
You kill the bat!
There is a stone staircase leading down here.
You climb downwards.
There is a stone staircase leading up here.
Unknown command.
There is an open door here.
Found 13 gold pieces.
Found a stone staircase leading up.
You see here 13 gold pieces.
You now have 43 gold pieces (gained 13).
There is a stone staircase leading up here.
You climb upwards.
You hear the sound of rushing water.
There is an entrance to a sewer on this level.
Hurry and find it before the portal rusts away!
You hear the slow rusting of a very distant drain.
There is a stone staircase leading down here.
Unknown command.
You climb downwards.
There is a stone staircase leading up here.
Unknown command.
An adder skeleton comes into view.
You hit the adder skeleton. You burn the adder skeleton.
The adder skeleton is heavily damaged.
The adder skeleton barely misses you. x2; You riposte.
You barely miss the adder skeleton.
The adder skeleton is heavily damaged.
You completely miss the adder skeleton.
The adder skeleton is heavily damaged.
The adder skeleton barely misses you. The adder skeleton closely misses you.
You slash the adder skeleton! You burn the adder skeleton.
You destroy the adder skeleton!
You have reached level 3!
Your experience leads to an increase in your attributes!
Increase (S)trength, (I)ntelligence, or (D)exterity?
You feel clever.
Memorise Stone Arrow, consuming 3 spell levels and leaving 5?
You start memorising the spell.
You continue memorising. x3
You finish memorising.
Spell assigned to 's'.
Adjust (i)tems, (s)pells, or (a)bilities?
Adjust which spell? s - Stone Arrow Adjust to which letter? j - Stone Arrow Unknown command.
Found 16 stones.
You see here 16 stones.
b - 35 stones (gained 16)
You open the door.
Found a stone staircase leading down.
There is an open door here.
There is a stone staircase leading down here.
You climb downwards.
A crimson imp comes into view.
The crimson imp shouts!
There is a stone staircase leading up here.
Unknown command.
You climb upwards.
There is a stone staircase leading down here.
Unknown command.
You open the door.
There is an open door here.
Found a sapphire potion.
You see here a sapphire potion.
h - a sapphire potion
There is a fountain of clear blue water here.
Found a staircase to the Ecumenical Temple.
Found a scroll labeled ODUFRI CAIQE.
There is a fountain of clear blue water here.
You see here a scroll labeled ODUFRI CAIQE.
i - a scroll labeled ODUFRI CAIQE
There is a staircase to the Ecumenical Temple here.
You climb downwards.
Welcome to the Ecumenical Temple!
There is a staircase back to the Dungeon here.
Unknown command.
Found an iron altar of Okawaru.
Found a bloodstained altar of Trog.
You enter the shallow water.
Moving in this stuff is going to be slow.
There is an iron altar of Okawaru here.
Found an opulent altar of Gozag.
Found a stormy altar of Qazlal.
Found a shimmering altar of Xom.
Unknown command.
You enter the shallow water.
Moving in this stuff is going to be slow.
Found an ancient bone altar of Kikubaaqudgha and a glowing silver altar of Zin.
Found a deep blue altar of Sif Muna.
Found a sacrificial altar of Ru.
There is a deep blue altar of Sif Muna here.
Unknown command.
Found an ornate altar of the Wu Jian Council.
Found a blossoming altar of Fedhas.
Found a hazy altar of Hepliaklqana.
Found a radiant altar of Vehumet.
Are you sure you want to abandon this character and quit the game? (Confirm with "yes".)

♣♣♣ ♣♣♣♣.♣♣ ♣♣.....♣
♣..##@.♣ ♣ #...#.♣ ♣
♣#._.#♣♣ ♣ ♣.....♣
♣#..♣♣♣ ♣..♣♣ #.#.♣♣
♣♣..♣♣ ♣#....♣♣ ♣ ♣♣..♣
♣♣♣.._... ♣♣♣
♣♣♣♣...♣♣♣.......♣♣♣♣..


There were no monsters in sight!

Vanquished Creatures
  An adder (D:4)
  An adder skeleton (D:4)
  A leopard gecko (D:2)
  4 bats
  A giant cockroach (D:2)
  A hobgoblin (D:3)
  A quokka (D:2)
  A frilled lizard (D:3)
  A rat (D:3)
12 creatures vanquished.

Notes
Turn   | Place    | Note
-------+----------+-------------------------------------------
     0 | D:1      | tidbits the Gnoll Earth Elementalist began the quest for the Orb.
     0 | D:1      | Reached XP level 1. HP: 13/13 MP: 6/6
    55 | D:2      | Reached skill level 2 in Transmutations
    64 | D:2      | Reached XP level 2. HP: 19/19 MP: 2/7
    68 | D:2      | Learned a level 2 spell: Passwall
   180 | D:4      | Reached XP level 3. HP: 25/25 MP: 9/9
   185 | D:4      | Learned a level 3 spell: Stone Arrow
   216 | D:5      | Entered Level 5 of the Dungeon
   240 | D:4      | Found a staircase to the Ecumenical Temple.
   250 | Temple   | Entered the Ecumenical Temple
   364 | Temple   | Quit the game

Skill      XL: |  1 |
---------------+----+-----
Transmutations | 2 |  2.0
Fighting       | |  0.5
Short Blades   | |  0.5
Long Blades    | |  0.5
Axes           | |  0.5
Maces & Flails | |  0.5
Polearms       | |  0.5
Staves         | |  0.5
Slings         | |  0.5
Bows           | |  0.5
Crossbows      | |  0.5
Throwing       | |  0.5
Armour         | |  0.5
Dodging        | |  4.5
Stealth        | |  4.1
Shields        | |  0.5
Unarmed Combat | |  0.5
Spellcasting   | |  4.9
Conjurations   | |  0.4
Hexes          | |  0.4
Charms         | |  0.4
Summonings     | |  0.4
Necromancy     | |  0.4
Translocations | |  0.4
Fire Magic     | |  0.4
Ice Magic      | |  0.4
Air Magic      | |  0.4
Earth Magic    | |  5.4
Poison Magic   | |  0.4
Invocations    | |  0.7
Evocations     | |  0.5

Action                   || total
-------------------------++-------
Melee: Long sword        ||     6
 Cast: Sandblast         ||    11
 Stab: Sleeping          ||     2
Dodge: Dodged            ||    11
       Rpst.: Long sword ||     3

Table legend:
 A = Turns spent in this place as a percentage of turns spent in the entire game.
 B = Non-inter-level travel turns spent in this place as a percentage of non-inter-level travel turns spent in the entire game.
 C = Inter-level travel turns spent in this place as a percentage of turns spent in this place.
 D = Turns resting spent in this place as a percentage of non-inter-level travel turns spent in this place.
 E = Turns spent auto-exploring this place as a percentage of non-inter-level travel turns spent in this place.
 F = Non-inter-level travel turns spent in this place divided by the number of levels of this place that you've seen.
                   A       B       C       D       E      F
               +-------+-------+-------+-------+-------+----------------------
         Total | 100.0 | 100.0 |   0.0 |   0.0 |   0.0 |  60.7
       Dungeon |  68.7 |  68.7 |   0.0 |   0.0 |   0.0 |  50.0
        Temple |  31.3 |  31.3 |   0.0 |   0.0 |   0.0 | 114.0
               +-------+-------+-------+-------+-------+----------------------

Table legend:
 A = Kills in this place as a percentage of kills in entire the game.
 B = Kills by you in this place as a percentage of kills by you in the entire game.
 C = Kills by friends in this place as a percentage of kills by friends in the entire game.
 D = Other kills in this place as a percentage of other kills in the entire game.
 E = Experience gained in this place as a percentage of experience gained in the entire game.
 F = Experience gained in this place divided by the number of levels of this place that you have seen.
                   A       B       C       D       E      F
               +-------+-------+-------+-------+-------+----------------------
         Total | 100.0 | 100.0 |   N/A |   N/A | 100.0 |   6.2
       Dungeon | 100.0 | 100.0 |   N/A |   N/A | 100.0 |   7.4
               +-------+-------+-------+-------+-------+----------------------

Vault maps used:
D:1:      dpeg_arrival_houses_and_road
D:2:      makhleb_grotto_becter, minmay_misc_feat_five,
          hangedman_feature_mirror, hangedman_abyss_or_decor_stabs,
          minivault_27, uniq_sigmund, uniq_jessica, uniq_terence
D:3:      lemuel_round_altar, portal_sewer_entry_b, first_ration,
          dk_noncrumbling_4, minivault_23, grunt_ministairs_6
D:4:      kennysheep_slug_shrine, minmay_temple_entry_nine_rooms
Temple:   oiseaux_autumnal_temple
